 Dungeon Crawl Stone Soup version 0.29.1-2-gbd0b4ee654 (webtiles) character file.

Game seed: 10460951974045143096

74 Linkola the Magician (level 4, 0/24 HPs)
             Began as a Deep Elf Air Elementalist on Nov 14, 2022.
             Slain by a gnoll
             ... wielding a +0 flail
              (13 damage)
             ... on level 2 of the Dungeon.
             The game lasted 00:05:18 (1424 turns).

Linkola the Magician (Deep Elf Air Elementalist)    Turns: 1424, Time: 00:05:19

Health: 0/24       AC:  2    Str:  5    XL:     4   Next: 9%
Magic:  1/12       EV: 12    Int: 22    God:
Gold:   89         SH:  0    Dex: 15    Spells: 5/11 levels left

rFire   . . .      SeeInvis .   (no weapon)
rCold   . . .      Faith    .   (no shield)
rNeg    . . .      Spirit   .   a - +0 robe
rPois   .          Reflect  .   (no helmet)
rElec   .          Harm     .   (no cloak)
rCorr   .          Rampage  .   (no gloves)
Will    .....                   (no boots)
Stlth   ++........              (no amulet)
HPRegen 0.08/turn               (no ring)
MPRegen 0.13/turn               (no ring)

@: no status effects
A: no striking features
a: no special abilities


You were on level 2 of the Dungeon.
You visited 1 branch of the dungeon, and saw 2 of its levels.

You collected 89 gold pieces.

Inventory:

Armour
 a - a +0 robe (worn)
Scrolls
 c - a scroll of teleportation
 f - a scroll of vulnerability {unknown}
 g - a scroll of identify
Potions
 b - a potion of magic
 d - 2 potions of heal wounds {unknown}
 e - a potion of curing {unknown}


   Skills:
 + Level 2.6 Dodging
 + Level 2.6 Stealth
 + Level 4.1 Spellcasting
 + Level 2.0 Conjurations
 + Level 3.9 Air Magic


You had 5 spell levels left.
You knew the following spells:

 Your Spells              Type           Power      Damage    Failure   Level
a - Shock                 Conj/Air       68%        1d7       3%          1
b - Static Discharge      Conj/Air       17%        3-6/arc   4%          2
c - Swiftness             Air            22%        N/A       6%          3

Your spell library contained the following spells:

 Spells                   Type           Power      Damage    Failure   Level
 Airstrike                Air            11%        2d(2-18)  22%         4


Dungeon Overview and Level Annotations

Branches:
Dungeon (2/15)

Altars:
Uskayaw


Message History

The gnoll is heavily wounded.
Aiming: Shock (safe; 4% risk of failure)
Press: ? - help, Q - select action, (/) - cycle Shift-Dir - straight line, f/p - gnoll
Aim: a gnoll, wielding a +0 club (heavily wounded, 75% to hit)
The zap hits the gnoll.
The gnoll is almost dead.
A gnoll comes into view. It is wielding a +0 club.
There is a stone staircase leading up here.
You see here a giant cockroach corpse.
A gnoll comes into view. It is wielding a +0 spear of venom.
Casting: Shock (safe; 4% risk of failure)
Confirm with . or Enter, or press ? or * to list all spells.
The gnoll is struck by an arc of lightning.
You kill the gnoll!
The gnoll is struck by an arc of lightning.
The gnoll is moderately wounded.
The gnoll barely misses you. The gnoll hits you with a +0 spear!
Casting: Static Discharge (safe; 6% risk of failure)
Confirm with . or Enter, or press ? or * to list all spells.
The gnoll is struck by an arc of lightning!
The gnoll is almost dead.
The goblin is struck by an arc of lightning!
You kill the goblin!
The gnoll is struck by an arc of lightning.
You kill the gnoll!
The lightning grounds out.
Your Conjurations skill increases to level 2!
You have reached level 4!
You feel clever.
Casting: Static Discharge (safe; 4% risk of failure)
Confirm with . or Enter, or press ? or * to list all spells.
The gnoll is struck by an arc of lightning.
The gnoll is moderately wounded.
You are struck by an arc of lightning.
The gnoll is struck by an arc of lightning.
The gnoll is severely wounded.
The lightning grounds out.
The gnoll hits you with a +0 flail!
Ouch! That really hurt!
You die...

# ##.### #.#
#.#....# #>#
#.#....# #.#
#.#....# #.. ####
#......# ### ..#
##.....# # #.#
####....#
#.#.#.#.####.......#
.......)g@...##....#
#.#.#.#g###..#####.#
...... #..# #.###
#g#g#.###.## #...###
........ #.# ###...#
#.#.# #)# ..#
###.### !... !.. ...
###.. .# #.#..#.
##... ##....


You could see 3 gnolls.

Vanquished Creatures
  3 gnolls
  2 worms (D:2)
  2 ball pythons (D:1)
  3 endoplasms
  3 giant cockroaches
  5 goblins
  6 hobgoblins
  4 jackals (D:1)
  2 quokkas (D:1)
  2 frilled lizards (D:1)
  A kobold (D:1)
  2 rats (D:1)
35 creatures vanquished.

Notes
Turn   | Place    | Note
-------+----------+-------------------------------------------
     0 | D:1      | Linkola the Deep Elf Air Elementalist began the quest for
                  | the Orb.
     0 | D:1      | Reached XP level 1. HP: 10/10 MP: 6/6
   150 | D:1      | Reached XP level 2. HP: 15/15 MP: 6/8
   153 | D:1      | Learned a level 2 spell: Static Discharge
   578 | D:1      | Reached XP level 3. HP: 19/19 MP: 7/10
   582 | D:1      | Learned a level 3 spell: Swiftness
  1280 | D:2      | Found a hide-covered altar of Uskayaw.
  1394 | D:2      | Reached skill level 4 in Spellcasting
  1424 | D:2      | Reached XP level 4. HP: 16/24 MP: 3/12
  1424 | D:2      | Slain by a gnoll

Illustrated notes

Levels and vault maps discovered:
D:1:      dpeg_arrival_rooms_b, layout_basic, minivault_25
D:2:      minmay_angry_zag, layout_rooms, basic_altar,
          chequers_ecumenical_altar_grove, nrook_uturn, minivault_19,
          st_stairs_10, minmay_fractal_squares_gapless_5

Skill      XL: |  1  2  3 |
---------------+----------+-----
Spellcasting   | 4 |  4.1
Conjurations   | 2 |  2.0
Dodging        | |  2.6
Stealth        | |  2.6
Air Magic      | |  3.9

Action                   |  1- 3 |  4- 6 || total
-------------------------+-------+-------++-------
Melee: Unarmed           |     4 |       ||     4
 Cast: Shock             |    82 |       ||    82
       Static Discharge  |     6 |     1 ||     7
  Use: Scroll            |     2 |       ||     2
       Potion            |     1 |       ||     1
Armor: Robe              |     1 |       ||     1
Dodge: Dodged            |     6 |       ||     6
